AoeStats
← Steffels

Hideout

509331929Analyzed
1v1 RM · 5d ago on Sep 26, 2026· 56m 13s· 2 players
Game mode
Random Map
Map size
Tiny (2 player)
Population
200
Speed
Normal
Resources
Standard
Victory
Conquest
Starting age
Dark Age
Ending age
Imperial Age
RankedLock teamsTeams togetherTeam positionsShared explorationLock speedFull tech treeHidden civsTurbo modeCheats
Victory
Defeat
🇺🇸 Burmese · United States
1094
+16
🇧🇪 Varangians · Belgium
1084
-19
Steffels
7:12 Loom
9:44 Feudal Age
15:25 Castle Age
13:22 Double-Bit Axe
13:39 Horse Collar
16:17 Bow Saw
18:19 Wheelbarrow
23:29 Fervor
25:20 Fletching
34:43 Imperial Age
32:48 Hand Cart
32:45 Heavy Plow
35:18 Scale Mail Armor
35:24 Scale Barding Armor
35:30 Forging
35:17 Bodkin Arrow
35:48 Gold Mining
35:49 Stone Mining
35:53 Cavalier
36:44 Bloodlines
36:35 Husbandry
36:56 Scale Mail Armor
37:17 Chain Barding Armor
37:34 Iron Casting
40:14 Plate Barding Armor
41:28 Blast Furnace
40:30 Bracer
40:34 Light Cavalry
44:00 Hussar
46:52 Two-Man Saw
47:34 Chemistry
47:13 Conscription
48:31 Padded Archer Armor
47:59 Elite Skirmisher
53:03 Ballistics
52:21 Elite Jarl
SurfingCheese
5:22 Loom
10:21 Feudal Age
11:31 Horse Collar
12:53 Gold Mining
18:34 Castle Age
17:16 Scale Barding Armor
17:59 Bloodlines
18:13 Forging
25:52 Town Watch
28:23 Wheelbarrow
29:06 Heavy Plow
30:37 Hand Cart
30:23 Town Patrol
31:46 Town Patrol
34:57 Imperial Age
33:28 Iron Casting
34:17 Chain Barding Armor
34:41 Masonry
34:11 Light Cavalry
34:52 Husbandry
35:23 Hussar
36:51 Crop Rotation
36:14 Stone Mining
37:37 Conscription
37:24 Manipur Cavalry
40:04 Blast Furnace
39:34 Elite Arambai
41:55 Ballistics
42:35 Chemistry
43:59 Elite Battle Elephant
45:24 Howdah
45:57 Padded Archer Armor
46:34 Plate Barding Armor
46:42 Architecture
54:10 Siege Engineers
Connection lost

Rejoining the realm…

Still unreachable

The connection could not be restored.

Session expired

The server has moved on; the page needs a fresh start.